Map: 宿怨战场-天梯版

Players

迷路的探姬 - Winner!

  • Race: Terran Terran
  • League: Silver

Boby

  • Race: Protoss Protoss

VOD

Have the link to the VOD?

Description

Time

  • Played on: July 5, 2019, 8:01 a.m.
  • Length: 9:13
Show
View Real Time Build Order
Export as new Build Order

迷路的探姬 Terran - Winner!

Build Orders: Gas First Reaper Expand 

Get SALT Encoding   

  12  0:01  SCV  
  13  0:13  SCV  
  14  0:17  Supply Depot  
  14  0:25  SCV  
  15  0:30  Refinery  
  15  0:39  SCV  
  16  0:45  Barracks  
  16  0:51  SCV  
  17  1:03  SCV  
  18  1:06  Engineering Bay  
  18  1:15  SCV  
  19  1:32  Reaper  
  19  1:33  Orbital Command  
  20  2:03  SCV  
  20  2:06  Barracks Tech Lab, Command Center  
  20  2:07  Barracks Reactor  
  21  2:14  Supply Depot  
  21  2:20  SCV  
  22  2:23  Refinery  
  22  2:28  Bunker  
  22  2:32  SCV  
  23  2:42  Factory  
  23  2:44  Marine x2  
  23  2:50  SCV  
  26  3:02  SCV, Marine x2  
  29  3:14  SCV  
  29  3:18  Orbital Command  
  30  3:24  Marine x2  
  30  3:26  SCV  
  33  3:38  SCV  
  34  3:49  Factory Tech Lab, SCV  
  34  3:50  SCV  
  36  3:55  Barracks  
  36  3:57  Barracks  
  36  4:01  SCV  
  38  4:02  SCV  
  38  4:09  Siege Tank  
  41  4:10  Marine x2  
  41  4:13  SCV  
  41  4:14  SCV  
  45  4:20  Supply Depot  
  45  4:23  Supply Depot  
  45  4:25  SCV  
  46  4:38  SCV  
  46  4:41  SCV, Marine x2  
  46  4:45  Refinery x2  
  49  4:47  Siege Tank  
  49  4:48  Barracks Tech Lab  
  49  4:51  SCV  
  53  4:56  SCV  
  53  4:57  Supply Depot  
  54  5:01  Starport, Barracks Tech Lab  
  54  5:03  SCV, Marine x2  
  57  5:08  SCV  
  58  5:15  SCV  
  58  5:17  Supply Depot  
  58  5:19  Marine x2  
  58  5:20  Combat Shield  
  58  5:21  Stimpack  
  61  5:26  Engineering Bay  
  61  5:28  Engineering Bay  
  61  5:31  Marine x2  
  61  5:34  SCV x2  
  65  5:41  Supply Depot  
  65  5:42  Starport Reactor  
  65  5:43  Supply Depot  
  65  5:45  Marauder x2  
  65  5:48  SCV x2  
  71  5:53  Terran Infantry Weapons Level 1  
  71  5:54  Terran Infantry Armor Level 1  
  71  6:00  Marine x2  
  71  6:02  SCV  
  71  6:03  SCV  
  75  6:07  Missile Turret  
  75  6:15  SCV x2  
  75  6:18  Supply Depot x2  
  77  6:24  Medivac x2, Command Center  
  81  6:29  Siege Tank  
  84  6:33  Marine x2  
  84  6:34  Marauder  
  84  6:36  Marauder  
  84  6:39  Concussive Shells  
  90  6:51  SCV x2  
  92  6:54  Supply Depot  
  92  6:55  Supply Depot  
  92  6:58  Medivac  
  92  6:59  Medivac, Barracks x2  
  96  7:16  Siege Tank, Marine  
  96  7:17  Marauder, Marine x2  
  104  7:23  SCV x2  
  104  7:24  Armory  
  106  7:35  Marauder  
  108  7:46  Marine x3  
  108  7:47  Marauder  
  113  7:57  Marauder  
  107  8:04  Marine  
  109  8:06  Barracks Reactor  
  109  8:07  Barracks Reactor  
  109  8:08  Siege Tank  
  109  8:09  Medivac x2  
  115  8:20  SCV x2  
  117  8:40  Siege Tank  
Show
View Real Time Build Order
Export as new Build Order

Boby Protoss 

Build Orders: 1 Gate Expand 

Get SALT Encoding   

  12  0:03  Probe  
  13  0:15  Probe  
  13  0:18  Pylon  
  14  0:26  Probe  
  15  0:34  Probe  
  15  0:41  Gateway  
  15  0:42  Probe  
  16  0:49  Assimilator  
  17  0:55  Probe  
  18  1:05  Probe  
  19  1:13  Probe  
  20  1:19  Assimilator  
  20  1:42  Probe  
  20  1:44  Nexus  
  21  1:58  Cybernetics Core  
  21  1:59  Probe  
  22  2:11  Probe  
  23  2:21  Pylon  
  23  2:27  Assimilator  
  23  2:34  Warp Gate  
  23  2:39  Probe, Robotics Facility  
  24  2:46  Sentry  
  26  2:58  Probe  
  26  3:05  Stalker, Probe  
  28  3:10  Probe  
  29  3:17  Probe  
  32  3:23  Probe  
  33  3:29  Probe  
  33  3:31  Gateway  
  33  3:32  Gateway  
  33  3:35  Probe  
  29  4:12  Immortal  
  29  4:15  Probe x2  
  35  4:20  Gateway  
  35  4:24  Stalker  
  37  4:27  Probe x2  
  36  4:39  Probe x2  
  38  4:51  Probe x2  
  40  4:57  Immortal  
  44  5:03  Probe x2  
  46  5:14  Pylon  
  46  5:15  Pylon  
  46  5:32  Probe x2  
  48  5:36  Gateway  
  48  5:42  Immortal  
  52  5:44  Probe x2  
  52  5:45  Sentry  
  52  5:46  Sentry x2  
  60  5:56  Probe x2  
  62  6:00  Gateway  
  62  6:03  Gateway  
  62  6:04  Pylon  
  62  6:09  Pylon  
  62  6:24  Nexus  
  62  6:30  Probe  
  62  6:31  Probe  
  64  6:33  Immortal  
  64  6:38  Assimilator  
  64  6:42  Probe  
  69  6:49  Twilight Council  
  69  6:59  Stalker x2  
  73  7:06  Probe x2  
  75  7:09  Zealot  
  77  7:18  Pylon, Probe  
  77  7:19  Pylon  
  77  7:21  Pylon  
  78  7:36  Immortal  
  82  7:38  Zealot x3  
  43  8:05  Stalker x4  
  45  8:06  Stalker  
  53  8:27  Assimilator  
  53  8:33  Immortal  
  57  8:36  Zealot x5  
  61  9:01  Stalker x5  
Tags
 
Add a new tag
Caveats
  • Supply blocks, unpowered buildings, or Contaminate may cause inaccurate times.
  • Supply counts are checked every 10 seconds.